 Dungeon Crawl Stone Soup version 0.24.0-123-gd5b16e6ec5 (webtiles) character file.

Game seed: 1971052448250979632, levelgen mode: deterministic

424 manon the Covered (level 6, -1/57 HPs)
             Began as a Deep Dwarf Fighter on Feb 4, 2020.
             Was a Follower of Makhleb.
             Slain by an iguana (7 damage)
             ... on level 5 of the Dungeon.
             The game lasted 00:11:35 (2736 turns).

manon the Covered (Deep Dwarf Fighter)              Turns: 2736, Time: 00:11:35

Health: -1/57      AC: 10    Str: 27    XL:     6   Next: 64%
Magic:  5/5        EV:  6    Int:  8    God:    Makhleb [*.....]
Gold:   96         SH: 10    Dex: 12    Spells: 5/5 levels left

rFire    . . .     SeeInvis .   a - +0 war axe
rCold    . . .     Gourm    .   c - +0 shield
rNeg     . . .     Faith    .   w - +0 chain mail
rPois    .         Spirit   .   (no helmet)
rElec    .         Reflect  .   n - +0 cloak
rCorr    .         Harm     .   (no gloves)
MR       .....                  (no boots)
Stlth    ..........             (no amulet)
HPRegen  0.00/turn              (no ring)
MPRegen  0.09/turn              (no ring)

@: mighty, non-regenerating
A: damage resistance, heal wounds, sense surroundings 1, no regeneration
a: Heal Wounds, Renounce Religion


You were on level 5 of the Dungeon.
You worshipped Makhleb.
Makhleb was aware of your devotion.
You were not hungry.

You visited 2 branches of the dungeon, and saw 6 of its levels.

You collected 96 gold pieces.

Inventory:

Hand Weapons
 a - a +0 war axe (weapon)
 v - a +0 morningstar
 y - a +0 hunting sling
Missiles
 g - 11 stones
 k - 2 boomerangs (quivered)
 p - 5 javelins
Armour
 b - a +0 scale mail
 c - a +0 shield (worn)
 n - a +0 cloak (worn)
 u - a +2 cloak
 w - a +0 chain mail (worn)
Jewellery
 h - an uncursed ring of flight {unknown}
 j - a cursed -2 ring of strength {unknown}
 t - a +4 ring of intelligence {unknown}
Scrolls
 e - 5 scrolls of teleportation {unknown}
 i - 5 scrolls of identify {unknown}
 q - a scroll of amnesia {unknown}
 r - a scroll of remove curse {unknown}
 s - a scroll of blinking {unknown}
Potions
 d - 2 potions of brilliance {unknown}
 l - a potion of agility {unknown}
 m - a potion of magic {unknown}
 o - 2 potions of curing {unknown}
 x - a potion of mutation {unknown}
 z - a potion of ambrosia {unknown}
Comestibles
 f - 9 rations


   Skills:
 + Level 3.9 Fighting
 + Level 4.0 Axes
 + Level 4.8 Armour
 + Level 4.8 Shields
 * Level 3.0 Invocations


You had 5 spell levels left.
You didn't know any spells.
Your spell library was empty.

Dungeon Overview and Level Annotations

Branches:
Dungeon (5/15)             Temple (1/1) D:5

Altars:
Ashenzari
Cheibriados
Elyvilon
Fedhas
Makhleb
Nemelex Xobeh
Okawaru
Qazlal
Ru
Sif Muna
Trog
Uskayaw
Wu Jian
The Shining One

Annotations:
D:3 Grinder
D:5 Prince Ribbit


Innate Abilities, Weirdness & Mutations

You are resistant to damage.
You can heal yourself by infusing magical energy.
You passively map a small area around you.
You do not regenerate.


Message History

Prince Ribbit blinks!
Prince Ribbit blinks!
Prince Ribbit lets out a mournful croak.
You feel very mighty all of a sudden. Prince Ribbit hits you!
Your chain mail prevents you from hitting Prince Ribbit.
Prince Ribbit blinks!
You closely miss Prince Ribbit. You hit the iguana.
You block Prince Ribbit's attack. The iguana bites you.
You slash Prince Ribbit!
Prince Ribbit is lightly wounded.
You closely miss the iguana. Prince Ribbit hits you!
Prince Ribbit closely misses you. The iguana bites you!
Your shield and chain mail prevent you from hitting Prince Ribbit.
Prince Ribbit is lightly wounded.
You closely miss the iguana.
Prince Ribbit blinks!
You block the iguana's attack. Prince Ribbit hits you!
* * * LOW HITPOINT WARNING * * *
The iguana bites you!
You die...

, , ####......
...............#
###............#.##,, *
,..................# * ,
........#.....#..# , ,
#......#.....#..####.. ,*
#......#.....#.......§ *
*#......#.F.#..........
.##.....<#..@l..........,
,
.........#.§#.#.#..###..
, ,.###.....#.........# *
..###.......#.#.#...####
.......÷..#.......#.....
,,,
,........#...#.>.#...#...
#.........#.......#.....
#..##..#....#.#.#.......
.......#.#........#.#..,


You could see Prince Ribbit and an iguana.

Vanquished Creatures
  An ogre (D:4)
  A hound (D:2)
  An orc priest (D:4)
  An orc wizard (D:4)
  Terence (D:2)
  An iguana (D:4)
  3 worker ants
  A killer bee zombie (D:4)
  3 adders
  A shadow imp (D:5)
  An ooze (D:2)
  A worm (D:4)
  4 dart slugs (D:1)
  3 leopard geckos
  2 orcs
  A ball python (D:4)
  8 bats
  2 giant cockroaches
  2 goblins
  5 hobgoblins
  4 jackals (D:2)
  A quokka (D:4)
  2 frilled lizards
  2 kobolds
  5 rats
57 creatures vanquished.

Notes
Turn   | Place    | Note
-------+----------+-------------------------------------------
     0 | D:1      | manon the Deep Dwarf Fighter began the quest for the Orb.
     0 | D:1      | Reached XP level 1. HP: 20/20 MP: 1/1
    95 | D:1      | Reached XP level 2. HP: 24/27 MP: 2/2
   666 | D:1      | Reached XP level 3. HP: 29/34 MP: 3/3
  1001 | D:2      | Found a burning altar of Makhleb.
  1018 | D:2      | Became a worshipper of Makhleb the Destroyer
  1062 | D:2      | Noticed Terence
  1067 | D:2      | Killed Terence
  1067 | D:2      | Reached XP level 4. HP: 34/42 MP: 4/4
  1083 | D:2      | Found a hide-covered altar of Uskayaw.
  1522 | D:3      | Noticed Grinder
  1742 | D:4      | Noticed an ogre
  1757 | D:3      | Reached XP level 5. HP: 13/49 MP: 4/4
  1899 | D:4      | Reached * piety under Makhleb
  1899 | D:4      | Reached skill level 1 in Invocations
  2044 | D:4      | Reached XP level 6. HP: 41/57 MP: 5/5
  2627 | D:5      | Entered Level 5 of the Dungeon
  2628 | D:5      | Found a staircase to the Ecumenical Temple.
  2686 | Temple   | Entered the Ecumenical Temple
  2727 | D:5      | Noticed Prince Ribbit
  2736 | D:5      | Slain by an iguana

Levels and vault maps discovered:
D:1:      minmay_arrival_hallway, layout_basic
D:2:      layout_basic, lemuel_crystal_altar, makhleb_heckhound_becter,
          first_ration, uniq_terence
D:3:      layout_rooms, uniq_jessica, uniq_grinder, uniq_crazy_yiuf_cottage,
          uniq_natasha
D:4:      layout_cave_pods, minmay_misc_feat_enclosed
D:5:      layout_basic, grunt_gozag_statues, vehumet_statue,
          minmay_temple_entry_sparse_star, ashenzari_altar_1, uniq_sigmund,
          uniq_prince_ribbit1
Temple:   cyrus_circular_temple

Skill      XL: |  1  2  3  4  5  6 |
---------------+-------------------+-----
Fighting       | 3 |  3.9
Axes           | 3 4 |  4.0
Armour         | 4 |  4.8
Shields        | 4 |  4.8
Invocations    | 1 3 |  3.0

Action                   |  1- 3 |  4- 6 || total
-------------------------+-------+-------++-------
Melee: War axe           |    75 |   145 ||   220
Throw: Stone             |     1 |       ||     1
       Boomerang         |       |    20 ||    20
 Abil: Heal Wounds       |       |     6 ||     6
  Use: Potion            |     1 |     1 ||     2
  Eat: Chunk             |     1 |     5 ||     6
Armor: Scale mail        |    28 |    43 ||    71
       Chain mail        |       |    17 ||    17
Dodge: Dodged            |    20 |    32 ||    52
Block: Shield            |    43 |    66 ||   109
